 Dungeon Crawl Stone Soup version 0.19.0-2-gae57169 (webtiles) character file.

16537 Chiseanne the Cleaver (level 12, -8/159 HPs)
             Began as a Minotaur Berserker on Nov 3, 2016.
             Was an Elder of Trog.
             Mangled by an orc warlord
             ... wielding a +3 great sword of holy wrath
              (9 damage)
             ... on level 2 of the Orcish Mines.
             The game lasted 00:28:38 (6579 turns).

Chiseanne the Cleaver (Minotaur Berserker)          Turns: 6579, Time: 00:28:39

Health: -8/159     AC: 23    Str: 27 (28) XL:     12   Next: 10%
Magic:  11/11      EV: 13    Int:  1 (4)  God:    Trog [****..]
Gold:   514        SH:  0    Dex: 11 (14) Spells: 0 memorised, 11 levels left

rFire  . . .     SeeInvis .     a - +1 battleaxe
rCold  + . .     Gourm    .     d - +0 plate armour {MR+}
rNeg   . . .     Faith    .     (shield currently unavailable)
rPois  .         Spirit   .     t - +2 hat
rElec  .         Reflect  .     f - +1 cloak
rCorr  .         Harm     .     (no gloves)
MR     +++..     Rnd*Tele +     u - +1 pair of boots
Stlth  ..........               (no amulet)
                                l - ring of protection from cold
                                m - +2 ring of protection

@: berserking, regenerating, very quick
A: retaliatory headbutt, horns 2, talons 1, teleportitis 1, MP-powered wands
a: Berserk, Trog's Hand, Brothers in Arms, Burn Spellbooks, Renounce Religion


You were on level 2 of the Orcish Mines.
You worshipped Trog.
Trog was greatly pleased with you.
You were near starving.

You visited 2 branches of the dungeon, and saw 13 of its levels.

You collected 844 gold pieces.
You spent 330 gold pieces at shops.

Inventory:

Hand Weapons
 a - a +1 battleaxe (weapon)
 e - a +3 glaive of venom
Missiles
 o - 4 tomahawks (quivered)
Armour
 d - a +0 plate armour of magic resistance (worn)
 f - a +1 cloak (worn)
 g - a +2 plate armour of cold resistance
 t - a +2 hat (worn)
 u - a +1 pair of boots (worn)
Magical Staves
 y - an uncursed staff of cold
Jewellery
 l - a ring of protection from cold (right hand)
 m - a +2 ring of protection (left hand)
Scrolls
 b - 2 scrolls of remove curse
 h - a scroll of fear
 i - 5 scrolls of teleportation
 D - a scroll of recharging
Potions
 n - 3 potions of curing
 p - a potion of agility
 q - a potion of flight
 s - a potion of lignification
 C - a potion of resistance
Comestibles
 c - 8 bread rations
 k - 4 meat rations


   Skills:
 - Level 9.9 Fighting
 * Level 13.6 Axes
 * Level 10.5 Armour
 * Level 12.6 Dodging


You had 11 spell levels left.
You didn't know any spells.

Dungeon Overview and Level Annotations

Branches:
Dungeon (11/15)              Lair (0/6) D:9             Orc (1/2) D:11
 Temple: D:4-7

Altars:
Makhleb
Nemelex Xobeh
Sif Muna
Yredelemnul
Beogh

Shops:
D:9 [   D:10 =*}   Orc:1 %


Innate Abilities, Weirdness & Mutations

You reflexively headbutt those who attack you in melee.
You have a pair of horns on your head.
You have sharp toenails.
You are occasionally teleported next to monsters.
You expend magic power (3 MP) to strengthen your wands.


Message History

The orc warrior hits you from afar with a glaive!!
* * * LOW HITPOINT WARNING * * *
The orc warrior hits you with a scimitar!
* * * LOW HITPOINT WARNING * * *
The ogre misses you.
You hear a shout! x2
You slice the orc warlord!! You headbutt the orc warlord!
The orc warlord is severely wounded.
You slice the ogre!!
You feel the power of Trog in you as your rage grows.
You kill the ogre!
Trog accepts your kill.
You barely miss the orc knight. You completely miss the orc warrior.
The orc knight hits you with a long sword!!
* * * LOW HITPOINT WARNING * * *
You slash the orc warlord! You headbutt the orc warlord.
The orc warlord is severely wounded.
You slice the orc warrior!! You barely miss the orc knight.
The orc warlord hits you with a great sword of holy wrath!
You die...

...# ....# ...## .
##...# .. #.... ....
##..#####....
#.....8.oo4.. ###
#...(O(..... ##.##
#...@o..(... ....###
##..ooo......o.....
...##.###
##....8......oo...o.
........##
#...#####......O..#
##.##....####....#
.....oo.
.###....)#.#.#..##
#.....#
)#.#....#.))...##
#....(#
[.......##.#...#
#8)†.8#
...............#
#))[..#


You could see an orc warlord, an orc knight, an orc high priest, a rust devil, 2
orc warriors, an ogre and an orc.

Vanquished Creatures
  Gastronok (D:8)
  An orc warlord (Orc:2)
  Fannar (D:10)
  The ghost of bworf the Reanimator, a journeyman DsNe of Ru (D:10)
  2 orc knights (Orc:2)
  A hill giant (D:11)
  3 orc sorcerers (Orc:2)
  A centaur zombie (D:11)
  2 komodo dragons (D:9)
  A polar bear (D:10)
  A two-headed ogre (Orc:1)
  4 trolls
  3 slime creatures (D:9)
  A hippogriff (D:7)
  A shadow (D:11)
  A centaur simulacrum (D:10)
  A wyvern (D:10)
  2 yaks (D:10)
  A wraith (D:9)
  A vampire (D:11)
  A steam dragon (D:9)
  6 wargs
  16 orc warriors
  A sky beast (D:9)
  4 ice beasts
  An eye of draining (D:10)
  A phantom (D:7)
  5 ogres
  4 wolves (D:10)
  2 crocodiles (D:9)
  4 centaurs
  3 elf zombies (D:9)
  A bullfrog (D:10)
  An elf skeleton (D:9)
  2 wyvern zombies
  A wyvern skeleton (D:9)
  A troll zombie (D:9)
  3 killer bees (D:10)
  2 electric eels (D:10)
  4 howler monkeys
  A quasit (D:9)
  2 human zombies (D:9)
  A wyvern simulacrum (D:10)
  12 orc priests
  13 orc wizards
  A bullfrog skeleton (D:9)
  2 human skeletons (D:9)
  4 iguanas
  4 worker ants
  A killer bee zombie (D:10)
  A bullfrog simulacrum (D:10)
  A mummy (D:9)
  9 adders
  A hound simulacrum (D:10)
  2 shadow imps
  6 white imps (D:10)
  2 ufetubi (D:10)
  3 leopard geckos
  42 orcs
  A ball python (D:3)
  3 giant cockroaches
  3 goblins
  4 hobgoblins
  8 jackals
  7 kobolds
  A quokka (D:4)
  A bat (D:1)
  2 frilled lizards
  A leopard gecko skeleton (D:7)
  A leopard gecko zombie (D:8)
  An orc skeleton (D:9)
  A quokka skeleton (D:5)
  3 rats
238 creatures vanquished.

Vanquished Creatures (collateral kills)
  A big kobold (D:10)
  A white imp (D:10)
2 creatures vanquished.

Grand Total: 240 creatures vanquished

Notes
Turn   | Place    | Note
-------+----------+-------------------------------------------
     0 | D:1      | Chiseanne the Minotaur Berserker began the quest for the Orb.
     0 | D:1      | Reached XP level 1. HP: 19/19 MP: 0/0
   183 | D:1      | Reached XP level 2. HP: 27/27 MP: 1/1
   209 | D:2      | Found a sparkling altar of Nemelex Xobeh.
   256 | D:2      | Reached skill level 4 in Axes
   388 | D:2      | Reached XP level 3. HP: 33/33 MP: 2/2
   401 | D:3      | Reached ** piety under Trog
   534 | D:3      | Reached XP level 4. HP: 41/41 MP: 3/3
   770 | D:5      | Entered Level 5 of the Dungeon
   923 | D:5      | Reached XP level 5. HP: 34/47 MP: 4/4
  1044 | D:7      | Noticed a hippogriff
  1047 | D:7      | Reached skill level 5 in Fighting
  1047 | D:7      | Reached skill level 5 in Axes
  1051 | D:7      | Killed a hippogriff
  1051 | D:7      | Reached XP level 6. HP: 53/56 MP: 5/5
  1110 | D:7      | Found a burning altar of Makhleb.
  1426 | D:8      | Reached XP level 7. HP: 41/62 MP: 6/6
  1544 | D:8      | Reached *** piety under Trog
  1556 | D:8      | Reached skill level 6 in Axes
  1556 | D:8      | Reached skill level 5 in Armour
  1560 | D:8      | Reached skill level 5 in Dodging
  1710 | D:8      | Noticed Gastronok
  1723 | D:8      | Killed Gastronok
  1723 | D:8      | Reached skill level 8 in Axes
  1723 | D:8      | Reached XP level 8. HP: 46/74 MP: 7/7
  1723 | D:8      | Reached XP level 9. HP: 51/81 MP: 8/8
  1851 | D:8      | Found a roughly hewn altar of Beogh.
  2369 | D:9      | Noticed a komodo dragon
  2380 | D:9      | Killed a komodo dragon
  2398 | D:9      | Reached skill level 9 in Axes
  2534 | D:9      | Noticed a komodo dragon
  2542 | D:9      | Killed a komodo dragon
  2578 | D:9      | Found a staircase to the Lair.
  2696 | D:9      | Found Weddosam's Armour Shoppe.
  2704 | D:9      | Bought a +0 pair of boots for 63 gold pieces
  2734 | D:9      | Reached XP level 10. HP: 90/91 MP: 9/9
  3064 | D:9      | Reached skill level 10 in Axes
  3078 | D:9      | Found a basalt altar of Yredelemnul.
  3187 | D:10     | Entered Level 10 of the Dungeon
  3250 | D:10     | Reached **** piety under Trog
  3266 | D:10     | Noticed Fannar
  3309 | D:10     | Killed Fannar
  3309 | D:10     | Reached skill level 11 in Axes
  3309 | D:10     | Reached skill level 10 in Dodging
  3710 | D:10     | Found Imuliq's Assorted Antiques.
  3717 | D:10     | Bought a scroll labeled LOOH FIUFU for 32 gold pieces
  3717 | D:10     | Bought a scroll labeled MIL JEUHEPN for 32 gold pieces
  3717 | D:10     | Bought a viscous emerald potion for 28 gold pieces
  3717 | D:10     | Bought a fizzy white potion for 28 gold pieces
  3717 | D:10     | Bought a metallic pink potion for 28 gold pieces
  3717 | D:10     | Bought a lumpy cyan potion for 28 gold pieces
  3723 | D:10     | Found Tuxez's Gadget Boutique.
  3734 | D:10     | Noticed bworf's ghost (journeyman DsNe)
  3760 | D:10     | Killed bworf's ghost
  3760 | D:10     | Reached XP level 11. HP: 99/99 MP: 0/10
  3900 | D:10     | Found a deep blue altar of Sif Muna.
  4027 | D:10     | Found Apurof's Jewellery Shop.
  4036 | D:10     | Bought a cursed -5 ring of slaying for 28 gold pieces
  4036 | D:10     | Bought a cursed ring of loudness for 63 gold pieces
  4244 | D:10     | Reached skill level 12 in Axes
  4781 | D:11     | Noticed a hill giant
  4793 | D:11     | Killed a hill giant
  5221 | D:11     | Found a staircase to the Orcish Mines.
  5363 | Orc:1    | Entered Level 1 of the Orcish Mines
  5431 | Orc:1    | Found Xiowk's Food Boutique.
  5779 | Orc:1    | You fall through a shaft!
  5779 | Orc:2    | Entered Level 2 of the Orcish Mines
  5779 | Orc:2    | Noticed an orc warlord
  5791 | Orc:2    | Killed an orc warlord
  5791 | Orc:2    | Reached skill level 13 in Axes
  5804 | Orc:2    | Reached ***** piety under Trog
  6181 | Orc:2    | Noticed an orc sorcerer
  6181 | Orc:2    | Paralysed by an orc sorcerer for 7 turns
  6190 | Orc:2    | Killed an orc sorcerer
  6190 | Orc:2    | Reached skill level 10 in Armour
  6191 | Orc:2    | Noticed an orc knight
  6191 | Orc:2    | Noticed an orc sorcerer
  6200 | Orc:2    | Killed an orc sorcerer
  6205 | Orc:2    | Received a gift from Trog
  6208 | Orc:2    | Killed an orc knight
  6209 | Orc:2    | Reached XP level 12. HP: 81/106 MP: 11/11
  6213 | Orc:2    | Noticed an orc high priest
  6213 | Orc:2    | Noticed an orc warlord
  6235 | Orc:2    | Gained mutation: You expend magic power (3 MP) to strengthen your wands. [potion of mutation]
  6235 | Orc:2    | Gained mutation: You are occasionally teleported next to monsters. [potion of mutation]
  6235 | Orc:2    | Gained mutation: You have sharp toenails. [potion of mutation]
  6578 | Orc:2    | HP: 1/159 [orc knight/long sword (23)]
  6579 | Orc:2    | Mangled by an orc warlord

Skill      XL: |  1  2  3  4  5  6  7  8  9 10 11 |
---------------+----------------------------------+-----
Fighting       | 4 5 8 9 |  9.9
Axes           | 4 5 8 9 11 13 | 13.6
Dodging        | 3 4 7 8 10 12 | 12.6
Armour         | 3 4 7 8 10 | 10.5

Action                   |  1- 3 |  4- 6 |  7- 9 | 10-12 || total
-------------------------+-------+-------+-------+-------++-------
Melee: Hand axe          |    56 |       |       |       ||    56
       Headbutt          |    10 |    12 |    31 |    91 ||   144
       War axe           |     8 |    64 |       |       ||    72
       Broad axe         |       |     2 |    92 |   235 ||   329
       Battleaxe         |       |       |       |   113 ||   113
Throw: Tomahawk          |       |       |     6 |    35 ||    41
Invok: Trog's Hand       |       |     1 |     4 |    17 ||    22
       Berserk           |       |     1 |     4 |    12 ||    17
Evoke: Wand              |       |       |       |     2 ||     2
       Sack of spiders   |       |       |       |     7 ||     7
  Use: Scroll            |     2 |     3 |     2 |     9 ||    16
       Potion            |       |       |     2 |     9 ||    11
  Eat: Chunk             |       |     2 |    10 |    23 ||    35
       Fruit             |       |       |       |     2 ||     2
       Royal jelly       |       |       |       |     1 ||     1
       Beef jerky        |       |       |       |     1 ||     1
Armor: Scale mail        |    43 |    26 |    29 |       ||    98
       Steam dragon scal |       |       |     5 |    79 ||    84
       Robe              |       |       |       |    20 ||    20
       Chain mail        |       |       |       |    18 ||    18
       Plate armour      |       |       |       |    15 ||    15
       Skin              |       |       |       |     9 ||     9
Dodge: Dodged            |    48 |    36 |    77 |   318 ||   479
